Americans vs Monsters

Created - Wednesday, February 10, 2016 at 02:28

Goals
1 2 3 T
Americans 5 6 2 13
Monsters 0 0 0 0
Shots
1 2 3 T
Americans 7 13 10 30
Monsters 3 7 12 22

1st period

1. Americans , Tim Jackman 26 (Nick Cousins, Dany Heatley) at 0:29
2. Americans , Marc-Andre Cliche 13 (Spencer Abbott, Patrick Bordeleau) at 8:31
3. Americans , Nate Schmidt 9 (Marc-Andre Cliche, Chris Breen) at 12:06
4. Americans , Nick Cousins 16 (Tim Jackman) at 13:42
5. Americans , Patrick Bordeleau 7 (Marc-Andre Cliche) at 15:46

Penalties :
FARM PLAYER13 (LEM) for Hooking (Minor) at 1:38, Mitch Callahan (LEM) for Fighting (Major) at 17:37, Patrick Bordeleau (RCH) for Fighting (Major) at 17:37, Kris Fredheim (LEM) for Hooking (Minor) at 18:52

2nd period

6. Americans , Nick Drazenovic 8 (Grant Clitsome) at 3:03
7. Americans , Tim Jackman 27 (Jake Chelios) at 5:25
8. Americans , Nick Cousins 17 (Tim Jackman) at 6:49
9. Americans , Spencer Abbott 10 (Nate Schmidt, Grant Clitsome) at 7:15 (PP)
10. Americans , Marc-Andre Cliche 14 (Patrick Bordeleau, Grant Clitsome) at 13:19
11. Americans , Nate Schmidt 10 (Nick Cousins) at 14:31

Penalties :
Barclay Goodrow (LEM) for Interference (Minor) at 6:56, Jeff Hoggan (LEM) for Fighting (Major) at 12:00, Tim Jackman (RCH) for Fighting (Major) at 12:00, Troy Rutkowski (LEM) for Fighting (Major) at 14:01, Dany Heatley (RCH) for Fighting (Major) at 14:01

3rd period

12. Americans , Nick Cousins 18 (Tim Jackman, Dany Heatley) at 6:51
13. Americans , Marc-Andre Cliche 15 (Nick Drazenovic) at 8:09 (PP)

Penalties :
Jordan Weal (LEM) for Hooking (Minor) at 1:49, Matt MacKenzie (LEM) for Roughing (Minor) at 6:54, Jeff Hoggan (LEM) for Fighting (Major) at 8:10, Chris Breen (RCH) for Fighting (Major) at 8:10, Dylan DeMelo (RCH) for Hooking (Minor) at 12:04, Troy Rutkowski (LEM) for Fighting (Major) at 14:42, Chris Breen (RCH) for Fighting (Major) at 14:42, Mitch Callahan (LEM) for Fighting (Major) at 18:59, Garrett Noonan (RCH) for Fighting (Major) at 18:59, Garrett Noonan (RCH) for instigated a fight (Minor) at 18:59, Garrett Noonan (RCH) for instigated a fight (10 Minutes Misconduct) at 18:59

Goalie Stats

Jason LaBarbera (RCH), 22 saves from 22 shots - (1.000), W, 23-2-7, 60:00 minutes
FARM GOALIE1 (LEM), 16 saves from 25 shots - (0.640), L, 0-18-0, 46:53 minutes
FARM GOALIE2 (LEM), 1 saves from 5 shots - (0.200), 13:07 minutes

Players Stats for Americans

Player Name              G  A  P  +/- PIM S  H  SB GA TA FO     MP     PP MP  PK MP  
------------------------------------------------------------------------------------
Chris Breen              0  1  1   2  10  2  0  1  0  1  0/0    13:07   0:00   1:03 
Dany Heatley             0  2  2   5  5   1  1  0  1  0  0/0    17:44   3:05   0:25 
Dylan DeMelo             0  0  0   2  2   0  1  0  0  2  0/0    23:59   2:18   1:00 
Garrett Noonan           0  0  0   5  17  0  2  1  0  2  0/0    13:54   0:00   1:06 
Grant Clitsome           0  3  3   4  0   2  0  2  0  0  0/0    27:42   5:13   1:51 
Jake Chelios             0  1  1   5  0   0  0  0  0  2  0/0    19:10   2:18   0:00 
Jerome Samson            0  0  0   1  0   1  2  0  1  0  0/0    12:16   0:00   0:00 
Joel Vermin              0  0  0   2  0   1  2  0  0  0  1/1    15:29   1:22   0:25 
Justin Hodgman           0  0  0   0  0   1  0  0  3  0  3/4    10:08   0:00   0:00 
Marc-Andre Cliche        3  2  5   4  0   3  2  0  3  0  7/11   18:37   3:05   2:34 
Nate Schmidt             2  1  3   4  0   2  0  2  2  1  0/0    22:36   5:13   1:08 
Nick Cousins             3  2  5   6  0   4  4  1  7  1  12/31  20:12   4:26   0:00 
Nick Drazenovic          1  1  2   1  0   3  3  0  3  0  2/4    13:54   3:05   0:00 
Nick Sorkin              0  0  0   0  0   0  1  0  0  0  0/1    10:31   0:00   0:00 
Patrick Bordeleau        1  2  3   4  5   6  1  0  7  2  0/0    17:30   3:04   2:34 
Ruslan Fedotenko         0  0  0   1  0   0  2  0  0  0  0/0    10:38   0:00   0:00 
Spencer Abbott           1  1  2   4  0   2  2  0  1  0  1/1    16:48   4:26   0:00 
Tim Jackman              2  3  5   5  5   2  2  1  3  1  0/0    12:44   0:00   0:00 

Players Stats for Monsters

Player Name              G  A  P  +/- PIM S  H  SB GA TA FO     MP     PP MP  PK MP  
------------------------------------------------------------------------------------
Austin Watson            0  0  0  -6  0   6  3  0  3  2  14/26  24:32   1:43   6:17 
Barclay Goodrow          0  0  0  -5  2   4  1  0  1  1  0/1    19:37   1:43   5:58 
Blair Riley              0  0  0  -2  0   0  0  0  0  0  0/0     5:48   0:00   0:00 
Brandon Montour          0  0  0  -4  0   1  3  2  0  1  0/0    26:52   1:33   3:24 
Cal O'Reilly             0  0  0  -4  0   0  0  0  0  0  5/10   20:03   1:16   1:14 
Chase Balisy             0  0  0  -1  0   1  0  0  0  0  0/0     6:04   0:40   0:00 
FARM PLAYER13            0  0  0  -1  2   0  1  0  0  1  0/0    21:04   0:24   5:13 
Jeff Hoggan              0  0  0   0  10  0  2  0  0  0  0/0    12:03   0:00   0:55 
Jordan Weal              0  0  0   0  2   0  2  0  0  1  4/8    15:13   0:00   0:38 
Kris Fredheim            0  0  0  -3  2   1  0  0  1  1  0/0    26:00   1:33   1:43 
Mac Bennett              0  0  0  -4  0   1  0  1  0  0  0/0     6:31   0:00   0:35 
Matt MacKenzie           0  0  0  -6  2   2  0  0  0  2  0/0    21:45   1:26   2:52 
Mitch Callahan           0  0  0  -5  10  0  2  0  0  0  1/1    12:04   1:03   0:00 
Quinton Howden           0  0  0  -4  0   3  1  0  3  1  1/1    18:24   1:16   0:00 
Scott Timmins            0  0  0  -2  0   0  0  0  3  0  1/3     5:48   0:00   0:00 
Steven Pinizzotto        0  0  0  -4  0   1  2  0  4  2  0/0    18:24   1:16   0:00 
Troy Rutkowski           0  0  0  -4  10  0  0  3  0  1  0/0    17:49   1:02   1:15 
Viktor Arvidsson         0  0  0   0  0   2  0  0  2  1  1/3    14:11   0:00   0:00 

3 Stars

1 - Nick Cousins (RCH)
2 - Marc-Andre Cliche (RCH)
3 - Tim Jackman (RCH)

Power Play

Americans - 2 on 6 Attempt(s) - 33.33%
Monsters - 0 on 2 Attempt(s) - 0.00%

Penalty Kill

Americans - 2 on 2 Attempt(s) - 100.00% - Score 0 goal in Penalty Kill
Monsters - 4 on 6 Attempt(s) - 66.67% - Score 0 goal in Penalty Kill

Team Stat

Americans - Hits : 25 - Faceoff Wins : 26 - Blocked Shots : 8 - Penalty Minutes : 44
Monsters - Hits : 17 - Faceoff Wins : 27 - Blocked Shots : 6 - Penalty Minutes : 40

Official

Referees : Unknown
Linesman : Unknown

Game Notes

FARM GOALIE2 enters game at 13:42 of 1st period
Patrick Bordeleau beats up Mitch Callahan at 17:37 of 1st period
Mac Bennett is injured at 18:48 of 1st period (Strained Right Knee)
FARM GOALIE1 enters game at 6:49 of 2nd period
Jeff Hoggan and Tim Jackman fight to a draw at 12:00 of 2nd period
Dany Heatley beats up Troy Rutkowski at 14:01 of 2nd period
Nick Cousins has scored a Hat Trick!
Marc-Andre Cliche has scored a Hat Trick!
Jeff Hoggan and Chris Breen fight to a draw at 8:10 of 3rd period
11:45 of 3rd period - Penalty Shot by Steven Pinizzotto for Monsters - Shot Misses the Net
Troy Rutkowski and Chris Breen fight to a draw at 14:42 of 3rd period
Mitch Callahan beats up Garrett Noonan at 18:59 of 3rd period
19:39 of 3rd period - Monsters goal is going for a video replay. After video review, No Goal. The net was displaced accidentally.

Finance

Level 1 -- Attendance: 1621 (81.05%) -- Ticket Income $56,735
Level 2 -- Attendance: 822 (82.20%) -- Ticket Income $12,330
Total Attendance: 2443 (81.43%)
Total Ticket Income: $69,065
Other Income: $33,842
Total Income: $102,907

Americans

5 vs 5 Forward 
   Center                   Left Wing                Right Wing               Time % Phy DF OF 
 1 Nick Cousins             Dany Heatley             Tim Jackman              35     1   2  2  
 2 Marc-Andre Cliche        Patrick Bordeleau        Spencer Abbott           30     1   2  2  
 3 Nick Drazenovic          Ruslan Fedotenko         Joel Vermin              22     1   2  2  
 4 Justin Hodgman           Nick Sorkin              Jerome Samson            13     1   2  2  

5 vs 5 Defense 
   Defense                  Defense                                           Time % Phy DF OF 
 1 Nate Schmidt             Grant Clitsome                                    35     1   2  2  
 2 Dylan DeMelo             Chris Breen                                       30     1   2  2  
 3 Jake Chelios             Garrett Noonan                                    22     1   2  2  
 4 Dylan DeMelo             Grant Clitsome                                    13     1   2  2  

PowerPlay Forward 
   Center                   Left Wing                Right Wing               Time % Phy DF OF 
 1 Nick Cousins             Patrick Bordeleau        Spencer Abbott           60     1   2  2  
 2 Nick Drazenovic          Dany Heatley             Marc-Andre Cliche        40     1   2  2  

PowerPlay Defense
   Defense                  Defense                                           Time % Phy DF OF 
 1 Nate Schmidt             Grant Clitsome                                    60     1   2  2  
 2 Jake Chelios             Dylan DeMelo                                      40     1   2  2  

Penalty Kill 4 Players Forward 
   Center                   Wing                     Time % Phy DF OF 
 1 Marc-Andre Cliche        Patrick Bordeleau        60     1   2  2  
 2 Justin Hodgman           Ruslan Fedotenko         40     1   2  2  

Penalty Kill 4 Players Defense
   Defense                  Defense                  Time % Phy DF OF 
 1 Grant Clitsome           Chris Breen              60     1   2  2  
 2 Nate Schmidt             Dylan DeMelo             40     1   2  2  

Penalty Kill - 3 Players Forward 
   Forward                                           Time % Phy DF OF 
 1 Marc-Andre Cliche                                 60     1   2  2  
 2 Justin Hodgman                                    40     1   2  2  

Penalty Kill - 3 Players Defense
   Defense                  Defense                  Time % Phy DF OF 
 1 Grant Clitsome           Chris Breen              60     1   2  2  
 2 Nate Schmidt             Dylan DeMelo             40     1   2  2  

4 vs 4 Forward 
   Center                   Wing                     Time % Phy DF OF 
 1 Nick Cousins             Spencer Abbott           60     1   2  2  
 2 Nick Drazenovic          Dany Heatley             40     1   2  2  

4 vs 4 Defense
   Defense                  Defense                  Time % Phy DF OF 
 1 Nate Schmidt             Grant Clitsome           60     1   2  2  
 2 Jake Chelios             Dylan DeMelo             40     1   2  2  

Last Minutes Offensive
   Center                   Left Wing                Right Wing               Defense                  Defense                  
   Nick Cousins             Dany Heatley             Spencer Abbott           Nate Schmidt             Grant Clitsome           

Last Minutes Defensive
   Center                   Left Wing                Right Wing               Defense                  Defense                  
   Marc-Andre Cliche        Patrick Bordeleau        Spencer Abbott           Chris Breen              Grant Clitsome           

Goaltenders
Starting : Jason LaBarbera          
Backup : FARM GOALIE17            

Extra Forwards
Normal : Joel Vermin, Jerome Samson, Ruslan Fedotenko - PP : Joel Vermin, Jerome Samson - PK : Joel Vermin
Extra Defensemen
Normal : Chris Breen, Dylan DeMelo, Jake Chelios - PP : Garrett Noonan - PK : Dylan DeMelo, Garrett Noonan
Penalty Shots
Spencer Abbott, Nick Drazenovic, Nick Cousins, Dany Heatley, Ruslan Fedotenko

Monsters

5 vs 5 Forward 
   Center                   Left Wing                Right Wing               Time % Phy DF OF 
 1 Austin Watson            Barclay Goodrow          Mitch Callahan           35     1   2  2  
 2 Cal O'Reilly             Quinton Howden           Steven Pinizzotto        30     1   2  2  
 3 Jordan Weal              Jeff Hoggan              Viktor Arvidsson         22     1   2  2  
 4 Scott Timmins            Blair Riley              Austin Watson            13     1   2  2  

5 vs 5 Defense 
   Defense                  Defense                                           Time % Phy DF OF 
 1 Kris Fredheim            Brandon Montour                                   35     1   2  2  
 2 Mac Bennett              Matt MacKenzie                                    30     1   2  2  
 3 Troy Rutkowski           FARM PLAYER13                                     22     1   2  2  
 4 Kris Fredheim            Brandon Montour                                   13     1   2  2  

PowerPlay Forward 
   Center                   Left Wing                Right Wing               Time % Phy DF OF 
 1 Austin Watson            Barclay Goodrow          Mitch Callahan           60     1   2  2  
 2 Cal O'Reilly             Quinton Howden           Steven Pinizzotto        40     1   2  2  

PowerPlay Defense
   Defense                  Defense                                           Time % Phy DF OF 
 1 Kris Fredheim            Brandon Montour                                   60     1   2  2  
 2 Mac Bennett              Matt MacKenzie                                    40     1   2  2  

Penalty Kill 4 Players Forward 
   Center                   Wing                     Time % Phy DF OF 
 1 Austin Watson            Barclay Goodrow          60     1   2  2  
 2 Cal O'Reilly             Jordan Weal              40     1   2  2  

Penalty Kill 4 Players Defense
   Defense                  Defense                  Time % Phy DF OF 
 1 Kris Fredheim            Brandon Montour          60     1   2  2  
 2 Mac Bennett              Matt MacKenzie           40     1   2  2  

Penalty Kill - 3 Players Forward 
   Forward                                           Time % Phy DF OF 
 1 Austin Watson                                     60     1   2  2  
 2 Barclay Goodrow                                   40     1   2  2  

Penalty Kill - 3 Players Defense
   Defense                  Defense                  Time % Phy DF OF 
 1 Kris Fredheim            Brandon Montour          60     1   2  2  
 2 Mac Bennett              Matt MacKenzie           40     1   2  2  

4 vs 4 Forward 
   Center                   Wing                     Time % Phy DF OF 
 1 Austin Watson            Barclay Goodrow          60     1   2  2  
 2 Cal O'Reilly             Jordan Weal              40     1   2  2  

4 vs 4 Defense
   Defense                  Defense                  Time % Phy DF OF 
 1 Kris Fredheim            Brandon Montour          60     1   2  2  
 2 Mac Bennett              Matt MacKenzie           40     1   2  2  

Last Minutes Offensive
   Center                   Left Wing                Right Wing               Defense                  Defense                  
   Austin Watson            Barclay Goodrow          Mitch Callahan           Kris Fredheim            Brandon Montour          

Last Minutes Defensive
   Center                   Left Wing                Right Wing               Defense                  Defense                  
   Austin Watson            Barclay Goodrow          Mitch Callahan           Kris Fredheim            Brandon Montour          

Goaltenders
Starting : FARM GOALIE1             
Backup : FARM GOALIE2             

Extra Forwards
Normal : Chase Balisy, Scott Timmins, Jeff Hoggan - PP : Chase Balisy, Scott Timmins - PK : Jeff Hoggan
Extra Defensemen
Normal : Troy Rutkowski, FARM PLAYER13, Mac Bennett - PP : Troy Rutkowski - PK : FARM PLAYER13, Mac Bennett
Penalty Shots
Austin Watson, Barclay Goodrow, Cal O'Reilly, Jordan Weal, Mitch Callahan

% Time on Ice - Americans

Lines # - Real PCT - Wanted PCT - Time Play
Normal Forward
1 - 33% - 35% - 16:10
2 - 26% - 30% - 12:59
3 - 21% - 22% - 10:13
4 - 20% - 13% - 10:08
Normal Defense
1 - 33% - 35% - 16:22
2 - 34% - 30% - 16:47
3 - 26% - 22% - 12:49
4 - 7% - 13% - 3:32
PP Forward
1 - 59% - 60% - 4:26
2 - 41% - 40% - 3:05
PP Defense
1 - 69% - 60% - 5:13
2 - 31% - 40% - 2:18
PK Forward
1 - 100% - 60% - 2:59
2 - 0% - 40% - 0:00
PK Defense
1 - 62% - 60% - 1:51
2 - 38% - 40% - 1:08
PK3 Forward
1 - 0% - 60%
2 - 0% - 40%
PK3 Defense
1 - 0% - 60%
2 - 0% - 40%
44 Forward
1 - 0% - 60%
2 - 0% - 40%
44 Defense
1 - 0% - 60%
2 - 0% - 40%
Last Minute Offensive  - 0:00
Last Minute Defensive  - 0:00
Total
Forward - 60:00
Defense - 60:00

% Time on Ice - Monsters

Lines # - Real PCT - Wanted PCT - Time Play
Normal Forward
1 - 24% - 35% - 11:57
2 - 35% - 30% - 17:34
3 - 29% - 22% - 14:11
4 - 12% - 13% - 5:48
Normal Defense
1 - 34% - 35% - 16:42
2 - 38% - 30% - 18:57
3 - 20% - 22% - 10:03
4 - 8% - 13% - 3:48
PP Forward
1 - 58% - 60% - 1:43
2 - 42% - 40% - 1:16
PP Defense
1 - 52% - 60% - 1:33
2 - 48% - 40% - 1:26
PK Forward
1 - 84% - 60% - 6:17
2 - 16% - 40% - 1:14
PK Defense
1 - 45% - 60% - 3:24
2 - 55% - 40% - 4:07
PK3 Forward
1 - 0% - 60%
2 - 0% - 40%
PK3 Defense
1 - 0% - 60%
2 - 0% - 40%
44 Forward
1 - 0% - 60%
2 - 0% - 40%
44 Defense
1 - 0% - 60%
2 - 0% - 40%
Last Minute Offensive  - 0:00
Last Minute Defensive  - 0:00
Total
Forward - 60:00
Defense - 60:00

Play by Play

1st period


0:01 of 1st period - Nick Cousins wins face-off versus Austin Watson in neutral zone.
0:16 of 1st period - Slapshot by Austin Watson.
0:16 of 1st period - Shot Misses the Net.
0:29 of 1st period - Snap shot by Tim Jackman.
0:29 of 1st period - Goal by Tim Jackman - Americans : 1 - Monsters : 0.
0:30 of 1st period - Marc-Andre Cliche wins face-off versus Cal O'Reilly in neutral zone.
0:53 of 1st period - Snap shot by Patrick Bordeleau.
0:53 of 1st period - Shot Misses the Net.
1:21 of 1st period - Wrist shot by Nick Drazenovic.
1:21 of 1st period - Shot Misses the Net.
1:38 of 1st period - Minor Penalty to FARM PLAYER13 for Hooking.
1:39 of 1st period - Austin Watson wins face-off versus Nick Cousins in Monsters zone.
3:38 of 1st period - Penalty to FARM PLAYER13 is over, FARM PLAYER13 is back on ice.
4:26 of 1st period - Jordan Weal is hit by Nick Drazenovic and loses puck.
6:14 of 1st period - Nate Schmidt is hit by Quinton Howden and loses puck.
6:27 of 1st period - Chris Breen is hit by Steven Pinizzotto and loses puck.
7:24 of 1st period - Snap shot by Tim Jackman.
7:24 of 1st period - Shot Misses the Net.
8:20 of 1st period - Quinton Howden is hit by Marc-Andre Cliche and loses puck.
8:31 of 1st period - Snap shot by Marc-Andre Cliche.
8:31 of 1st period - Goal by Marc-Andre Cliche - Americans : 2 - Monsters : 0.
8:32 of 1st period - Scott Timmins wins face-off versus Nick Cousins in neutral zone.
8:34 of 1st period - Off-side.
8:35 of 1st period - Nick Cousins wins face-off versus Scott Timmins in neutral zone.
8:58 of 1st period - Snap shot by Nick Cousins.
8:58 of 1st period - Shot Hit the Post.
9:00 of 1st period - Snap shot by Dany Heatley.
9:00 of 1st period - Shot Misses the Net.
9:02 of 1st period - Wrist shot by Nick Cousins.
9:02 of 1st period - Shot Misses the Net.
9:04 of 1st period - Wrist shot by Dany Heatley.
9:04 of 1st period - Shot Misses the Net.
9:06 of 1st period - Snap shot by Nick Cousins.
9:06 of 1st period - Shot Misses the Net.
9:40 of 1st period - Wrist shot by Quinton Howden.
9:40 of 1st period - Shot Misses the Net.
9:42 of 1st period - Snap shot by Steven Pinizzotto.
9:42 of 1st period - Shot Misses the Net.
10:06 of 1st period - Snap shot by Jerome Samson.
10:06 of 1st period - Shot Misses the Net.
10:12 of 1st period - Viktor Arvidsson is hit by Nick Sorkin and loses puck.
10:45 of 1st period - Ruslan Fedotenko is hit by Mitch Callahan and loses puck.
11:20 of 1st period - Quinton Howden is hit by Dany Heatley and loses puck.
11:39 of 1st period - Scott Timmins is hit by Nick Cousins and loses puck.
12:04 of 1st period - Snap shot by Marc-Andre Cliche.
12:04 of 1st period - Shot Misses the Net.
12:06 of 1st period - Wrist shot by Nate Schmidt.
12:06 of 1st period - Goal by Nate Schmidt - Americans : 3 - Monsters : 0.
12:07 of 1st period - Justin Hodgman wins face-off versus Jordan Weal in neutral zone.
13:06 of 1st period - Snap shot by Patrick Bordeleau.
13:06 of 1st period - Stopped by FARM GOALIE1 with a rebound.
13:16 of 1st period - Slapshot by Marc-Andre Cliche.
13:16 of 1st period - Shot Blocked by Troy Rutkowski.
13:24 of 1st period - Snap shot by Marc-Andre Cliche.
13:24 of 1st period - Shot Misses the Net.
13:42 of 1st period - Wrist shot by Nick Cousins.
13:42 of 1st period - Goal by Nick Cousins - Americans : 4 - Monsters : 0.
13:42 of 1st period - FARM GOALIE2 enters game.
13:43 of 1st period - Cal O'Reilly wins face-off versus Nick Cousins in neutral zone.
14:18 of 1st period - Wrist shot by Steven Pinizzotto.
14:18 of 1st period - Shot Blocked by Nate Schmidt.
14:20 of 1st period - Snap shot by Steven Pinizzotto.
14:20 of 1st period - Stopped by Jason LaBarbera with a rebound.
14:44 of 1st period - Snap shot by Viktor Arvidsson.
14:44 of 1st period - Shot Misses the Net.
14:46 of 1st period - Snap shot by Matt MacKenzie.
14:46 of 1st period - Stopped by Jason LaBarbera with a rebound.
14:48 of 1st period - Slapshot by Jordan Weal.
14:48 of 1st period - Shot Blocked by Tim Jackman.
14:50 of 1st period - Slapshot by Mac Bennett.
14:50 of 1st period - Stopped by Jason LaBarbera with a rebound.
14:52 of 1st period - Slapshot by Matt MacKenzie.
14:52 of 1st period - Shot Blocked by Nick Cousins.
14:56 of 1st period - Slapshot by Viktor Arvidsson.
14:56 of 1st period - Shot Misses the Net.
15:46 of 1st period - Snap shot by Patrick Bordeleau.
15:46 of 1st period - Goal by Patrick Bordeleau - Americans : 5 - Monsters : 0.
15:47 of 1st period - Cal O'Reilly wins face-off versus Nick Drazenovic in neutral zone.
16:46 of 1st period - Snap shot by Jerome Samson.
16:46 of 1st period - Stopped by FARM GOALIE2 without a rebound.
16:47 of 1st period - Jordan Weal wins face-off versus Justin Hodgman in Monsters zone.
17:06 of 1st period - Dylan DeMelo is hit by Jordan Weal.
17:36 of 1st period - Chris Breen is hit by Mitch Callahan.
17:37 of 1st period - Patrick Bordeleau beats up Mitch Callahan.
17:37 of 1st period - Penalty to Mitch Callahan for Fighting.
17:37 of 1st period - Penalty to Patrick Bordeleau for Fighting.
17:38 of 1st period - Austin Watson wins face-off versus Nick Cousins in neutral zone.
17:41 of 1st period - Nick Cousins is hit by Austin Watson and loses puck.
18:25 of 1st period - Slapshot by Steven Pinizzotto.
18:25 of 1st period - Shot Misses the Net.
18:31 of 1st period - Matt MacKenzie is hit by Spencer Abbott and loses puck.
18:46 of 1st period - Snap shot by Spencer Abbott.
18:46 of 1st period - Shot Misses the Net.
18:48 of 1st period - Slapshot by Chris Breen.
18:48 of 1st period - Shot Blocked by Mac Bennett.
18:48 of 1st period - Mac Bennett from Monsters is injured at 18:48 of 1st period (Strained Right Knee).
18:49 of 1st period - Austin Watson wins face-off versus Nick Cousins in Monsters zone.
18:49 of 1st period - Austin Watson is hit by Tim Jackman.
18:52 of 1st period - Minor Penalty to Kris Fredheim for Hooking.
18:53 of 1st period - Nick Cousins wins face-off versus Austin Watson in Monsters zone.
Goals for this period are 5 for Americans vs 0 for Monsters.
Shots for this period are 7 for Americans vs 3 for Monsters.

2nd period


0:01 of 2nd period - Joel Vermin wins face-off versus Austin Watson in neutral zone.
0:52 of 2nd period - Penalty to Kris Fredheim is over, Kris Fredheim is back on ice.
1:30 of 2nd period - Snap shot by Quinton Howden.
1:30 of 2nd period - Stopped by Jason LaBarbera with a rebound.
1:32 of 2nd period - Snap shot by Steven Pinizzotto.
1:32 of 2nd period - Shot Blocked by Chris Breen.
1:52 of 2nd period - Snap shot by Viktor Arvidsson.
1:52 of 2nd period - Stopped by Jason LaBarbera without a rebound.
1:53 of 2nd period - Jordan Weal wins face-off versus Nick Cousins in Americans zone.
1:54 of 2nd period - Wrist shot by Viktor Arvidsson.
1:54 of 2nd period - Stopped by Jason LaBarbera with a rebound.
2:24 of 2nd period - Garrett Noonan is hit by Jeff Hoggan and loses puck.
2:46 of 2nd period - Blair Riley is hit by Garrett Noonan and loses puck.
3:03 of 2nd period - Wrist shot by Nick Drazenovic.
3:03 of 2nd period - Goal by Nick Drazenovic - Americans : 6 - Monsters : 0.
3:04 of 2nd period - Spencer Abbott wins face-off versus Cal O'Reilly in neutral zone.
3:56 of 2nd period - Snap shot by Viktor Arvidsson.
3:56 of 2nd period - Shot Blocked by Grant Clitsome.
4:14 of 2nd period - Matt MacKenzie is hit by Ruslan Fedotenko and loses puck.
4:32 of 2nd period - Ruslan Fedotenko is hit by Brandon Montour and loses puck.
4:41 of 2nd period - Snap shot by Barclay Goodrow.
4:41 of 2nd period - Stopped by Jason LaBarbera without a rebound.
4:42 of 2nd period - Austin Watson wins face-off versus Nick Cousins in Americans zone.
4:47 of 2nd period - Snap shot by Barclay Goodrow.
4:47 of 2nd period - Stopped by Jason LaBarbera without a rebound.
4:48 of 2nd period - Austin Watson wins face-off versus Nick Cousins in Americans zone.
5:25 of 2nd period - Wrist shot by Tim Jackman.
5:25 of 2nd period - Goal by Tim Jackman - Americans : 7 - Monsters : 0.
5:26 of 2nd period - Cal O'Reilly wins face-off versus Marc-Andre Cliche in neutral zone.
5:39 of 2nd period - Snap shot by Quinton Howden.
5:39 of 2nd period - Shot Misses the Net.
6:31 of 2nd period - Icing by Nick Drazenovic.
6:32 of 2nd period - Austin Watson wins face-off versus Nick Drazenovic in Americans zone.
6:39 of 2nd period - Wrist shot by Austin Watson.
6:39 of 2nd period - Stopped by Jason LaBarbera without a rebound.
6:40 of 2nd period - Nick Cousins wins face-off versus Austin Watson in Americans zone.
6:49 of 2nd period - Snap shot by Nick Cousins.
6:49 of 2nd period - Goal by Nick Cousins - Americans : 8 - Monsters : 0.
6:49 of 2nd period - FARM GOALIE1 enters game.
6:50 of 2nd period - Nick Cousins wins face-off versus Austin Watson in neutral zone.
6:56 of 2nd period - Minor Penalty to Barclay Goodrow for Interference.
6:57 of 2nd period - Nick Cousins wins face-off versus Austin Watson in Monsters zone.
7:09 of 2nd period - Slapshot by Grant Clitsome.
7:09 of 2nd period - Deflect By Austin Watson.
7:09 of 2nd period - Stopped by FARM GOALIE1 with a rebound.
7:11 of 2nd period - Slapshot by Nate Schmidt.
7:11 of 2nd period - Shot Blocked by Brandon Montour.
7:15 of 2nd period - Snap shot by Spencer Abbott.
7:15 of 2nd period - Goal by Spencer Abbott - Americans : 9 - Monsters : 0.
7:16 of 2nd period - Austin Watson wins face-off versus Nick Cousins in neutral zone.
7:39 of 2nd period - Wrist shot by Nick Cousins.
7:39 of 2nd period - Deflect By Tim Jackman.
7:39 of 2nd period - Shot Misses the Net.
7:39 of 2nd period - Puck is out of play.
7:40 of 2nd period - Quinton Howden wins face-off versus Marc-Andre Cliche in Monsters zone.
8:31 of 2nd period - Austin Watson is hit by Nick Drazenovic and loses puck.
8:48 of 2nd period - Off-side.
8:49 of 2nd period - Nick Cousins wins face-off versus Jordan Weal in neutral zone.
9:06 of 2nd period - Nate Schmidt is hit by Brandon Montour and loses puck.
10:05 of 2nd period - Garrett Noonan is hit by Austin Watson and loses puck.
10:36 of 2nd period - Snap shot by Quinton Howden.
10:36 of 2nd period - Stopped by Jason LaBarbera without a rebound.
10:37 of 2nd period - Marc-Andre Cliche wins face-off versus Austin Watson in Americans zone.
12:00 of 2nd period - Jeff Hoggan and Tim Jackman fight to a draw.
12:00 of 2nd period - Penalty to Jeff Hoggan for Fighting.
12:00 of 2nd period - Penalty to Tim Jackman for Fighting.
12:01 of 2nd period - Nick Cousins wins face-off versus Cal O'Reilly in neutral zone.
12:06 of 2nd period - Snap shot by Dany Heatley.
12:06 of 2nd period - Stopped by FARM GOALIE1 without a rebound.
12:07 of 2nd period - Cal O'Reilly wins face-off versus Nick Cousins in Monsters zone.
12:07 of 2nd period - Cal O'Reilly is hit by Nick Cousins.
12:13 of 2nd period - Dany Heatley is hit by Steven Pinizzotto and loses puck.
12:50 of 2nd period - Kris Fredheim is hit by Marc-Andre Cliche and loses puck.
13:11 of 2nd period - Wrist shot by Patrick Bordeleau.
13:11 of 2nd period - Shot Misses the Net.
13:15 of 2nd period - Wrist shot by Patrick Bordeleau.
13:15 of 2nd period - Shot Misses the Net.
13:17 of 2nd period - Wrist shot by Patrick Bordeleau.
13:17 of 2nd period - Shot Blocked by Brandon Montour.
13:19 of 2nd period - Snap shot by Marc-Andre Cliche.
13:19 of 2nd period - Goal by Marc-Andre Cliche - Americans : 10 - Monsters : 0.
13:20 of 2nd period - Austin Watson wins face-off versus Nick Sorkin in neutral zone.
13:33 of 2nd period - Snap shot by Justin Hodgman.
13:33 of 2nd period - Shot Misses the Net.
13:45 of 2nd period - Wrist shot by Justin Hodgman.
13:45 of 2nd period - Shot Misses the Net.
13:47 of 2nd period - Slapshot by Chris Breen.
13:47 of 2nd period - Stopped by FARM GOALIE1 with a rebound.
13:49 of 2nd period - Snap shot by Chris Breen.
13:49 of 2nd period - Shot Blocked by Troy Rutkowski.
13:51 of 2nd period - Slapshot by Chris Breen.
13:51 of 2nd period - Stopped by FARM GOALIE1 without a rebound.
13:52 of 2nd period - Nick Cousins wins face-off versus Viktor Arvidsson in Monsters zone.
14:01 of 2nd period - Dany Heatley beats up Troy Rutkowski.
14:01 of 2nd period - Penalty to Troy Rutkowski for Fighting.
14:01 of 2nd period - Penalty to Dany Heatley for Fighting.
14:02 of 2nd period - Austin Watson wins face-off versus Nick Cousins in Americans zone.
14:13 of 2nd period - Off-side.
14:14 of 2nd period - Mitch Callahan wins face-off versus Nick Cousins in neutral zone.
14:31 of 2nd period - Backhand shot by Nate Schmidt.
14:31 of 2nd period - Goal by Nate Schmidt - Americans : 11 - Monsters : 0.
14:32 of 2nd period - Austin Watson wins face-off versus Nick Cousins in neutral zone.
14:40 of 2nd period - Icing by Nick Cousins.
14:41 of 2nd period - Austin Watson wins face-off versus Nick Cousins in Americans zone.
14:57 of 2nd period - Barclay Goodrow is hit by Joel Vermin and loses puck.
15:55 of 2nd period - Jake Chelios is hit by Brandon Montour and loses puck.
16:19 of 2nd period - Off-side.
16:20 of 2nd period - Jordan Weal wins face-off versus Nick Cousins in neutral zone.
16:31 of 2nd period - Ruslan Fedotenko is hit by Jordan Weal and loses puck.
16:44 of 2nd period - Snap shot by Joel Vermin.
16:44 of 2nd period - Stopped by FARM GOALIE1 with a rebound.
16:46 of 2nd period - Slapshot by Dylan DeMelo.
16:46 of 2nd period - Shot Misses the Net.
17:10 of 2nd period - Jordan Weal is hit by Dylan DeMelo and loses puck.
17:25 of 2nd period - Snap shot by Patrick Bordeleau.
17:25 of 2nd period - Stopped by FARM GOALIE1 with a rebound.
17:27 of 2nd period - Slapshot by Spencer Abbott.
17:27 of 2nd period - Stopped by FARM GOALIE1 with a rebound.
17:39 of 2nd period - Wrist shot by Patrick Bordeleau.
17:39 of 2nd period - Shot Misses the Net.
17:41 of 2nd period - Snap shot by Marc-Andre Cliche.
17:41 of 2nd period - Shot Misses the Net.
17:55 of 2nd period - Nick Sorkin is hit by FARM PLAYER13 and loses puck.
19:10 of 2nd period - Quinton Howden is hit by Garrett Noonan and loses puck.
Goals for this period are 6 for Americans vs 0 for Monsters.
Shots for this period are 13 for Americans vs 7 for Monsters.

3rd period


0:01 of 3rd period - Austin Watson wins face-off versus Nick Cousins in neutral zone.
0:22 of 3rd period - Wrist shot by Austin Watson.
0:22 of 3rd period - Stopped by Jason LaBarbera with a rebound.
0:24 of 3rd period - Slapshot by Brandon Montour.
0:24 of 3rd period - Shot Misses the Net.
0:26 of 3rd period - Snap shot by Barclay Goodrow.
0:26 of 3rd period - Shot Misses the Net.
0:28 of 3rd period - Wrist shot by Barclay Goodrow.
0:28 of 3rd period - Shot Misses the Net.
0:30 of 3rd period - Slapshot by Mitch Callahan.
0:30 of 3rd period - Shot Misses the Net.
0:32 of 3rd period - Slapshot by Brandon Montour.
0:32 of 3rd period - Stopped by Jason LaBarbera with a rebound.
0:34 of 3rd period - Wrist shot by Austin Watson.
0:34 of 3rd period - Stopped by Jason LaBarbera with a rebound.
1:49 of 3rd period - Minor Penalty to Jordan Weal for Hooking.
1:50 of 3rd period - Nick Cousins wins face-off versus Austin Watson in Monsters zone.
2:38 of 3rd period - Matt MacKenzie is hit by Nick Drazenovic and loses puck.
3:21 of 3rd period - FARM PLAYER13 is hit by Patrick Bordeleau and loses puck.
3:49 of 3rd period - Penalty to Jordan Weal is over, Jordan Weal is back on ice.
4:24 of 3rd period - Kris Fredheim is hit by Jerome Samson and loses puck.
4:47 of 3rd period - Snap shot by Quinton Howden.
4:47 of 3rd period - Stopped by Jason LaBarbera with a rebound.
5:15 of 3rd period - Joel Vermin is hit by Jeff Hoggan.
5:33 of 3rd period - Austin Watson is hit by Ruslan Fedotenko and loses puck.
6:00 of 3rd period - Off-side.
6:01 of 3rd period - Marc-Andre Cliche wins face-off versus Cal O'Reilly in neutral zone.
6:42 of 3rd period - Steven Pinizzotto is hit by Nick Cousins and loses puck.
6:51 of 3rd period - Wrist shot by Tim Jackman.
6:51 of 3rd period - Deflect By Nick Cousins.
6:51 of 3rd period - Goal by Nick Cousins - Americans : 12 - Monsters : 0.
6:52 of 3rd period - Viktor Arvidsson wins face-off versus Nick Cousins in neutral zone.
6:54 of 3rd period - Minor Penalty to Matt MacKenzie for Roughing.
6:55 of 3rd period - Nick Cousins wins face-off versus Austin Watson in Monsters zone.
7:03 of 3rd period - Snap shot by Patrick Bordeleau.
7:03 of 3rd period - Stopped by FARM GOALIE1 without a rebound.
7:04 of 3rd period - Austin Watson wins face-off versus Nick Cousins in Monsters zone.
8:09 of 3rd period - Snap shot by Marc-Andre Cliche.
8:09 of 3rd period - Goal by Marc-Andre Cliche - Americans : 13 - Monsters : 0.
8:10 of 3rd period - Nick Drazenovic wins face-off versus Viktor Arvidsson in neutral zone.
8:10 of 3rd period - Jeff Hoggan and Chris Breen fight to a draw.
8:10 of 3rd period - Penalty to Jeff Hoggan for Fighting.
8:10 of 3rd period - Penalty to Chris Breen for Fighting.
8:11 of 3rd period - Jordan Weal wins face-off versus Nick Cousins in neutral zone.
9:01 of 3rd period - Jordan Weal is hit by Spencer Abbott and loses puck.
9:43 of 3rd period - Snap shot by Matt MacKenzie.
9:43 of 3rd period - Stopped by Jason LaBarbera with a rebound.
10:10 of 3rd period - Snap shot by Nick Drazenovic.
10:10 of 3rd period - Stopped by FARM GOALIE1 with a rebound.
10:12 of 3rd period - Snap shot by Grant Clitsome.
10:12 of 3rd period - Stopped by FARM GOALIE1 without a rebound.
10:13 of 3rd period - Justin Hodgman wins face-off versus Barclay Goodrow in Monsters zone.
10:26 of 3rd period - Justin Hodgman is hit by Barclay Goodrow and loses puck.
11:31 of 3rd period - Steven Pinizzotto is hit by Tim Jackman and loses puck.
11:45 of 3rd period - Penalty Shot by Steven Pinizzotto for Monsters.
11:45 of 3rd period - Deke by Steven Pinizzotto.
11:45 of 3rd period - Shot Misses the Net.
11:46 of 3rd period - Marc-Andre Cliche wins face-off versus Jordan Weal in Monsters zone.
12:04 of 3rd period - Minor Penalty to Dylan DeMelo for Hooking.
12:05 of 3rd period - Marc-Andre Cliche wins face-off versus Austin Watson in Americans zone.
12:19 of 3rd period - Snap shot by Austin Watson.
12:19 of 3rd period - Stopped by Jason LaBarbera with a rebound.
12:21 of 3rd period - Wrist shot by Austin Watson.
12:21 of 3rd period - Shot Blocked by Grant Clitsome.
12:23 of 3rd period - Slapshot by Kris Fredheim.
12:23 of 3rd period - Stopped by Jason LaBarbera with a rebound.
12:25 of 3rd period - Wrist shot by Barclay Goodrow.
12:25 of 3rd period - Shot Blocked by Garrett Noonan.
12:27 of 3rd period - Slapshot by Brandon Montour.
12:27 of 3rd period - Shot Misses the Net.
12:31 of 3rd period - Snap shot by Austin Watson.
12:31 of 3rd period - Deflect By Barclay Goodrow.
12:31 of 3rd period - Stopped by Jason LaBarbera with a rebound.
13:10 of 3rd period - Penalty to Chris Breen is over, Chris Breen is back on ice.
13:29 of 3rd period - Slapshot by Marc-Andre Cliche.
13:29 of 3rd period - Shot Blocked by Troy Rutkowski.
14:04 of 3rd period - Penalty to Dylan DeMelo is over, Dylan DeMelo is back on ice.
14:09 of 3rd period - Barclay Goodrow is hit by Joel Vermin and loses puck.
14:40 of 3rd period - Troy Rutkowski is hit by Jerome Samson and loses puck.
14:42 of 3rd period - Troy Rutkowski and Chris Breen fight to a draw.
14:42 of 3rd period - Penalty to Troy Rutkowski for Fighting.
14:42 of 3rd period - Penalty to Chris Breen for Fighting.
14:43 of 3rd period - Justin Hodgman wins face-off versus Jordan Weal in Monsters zone.
14:54 of 3rd period - Snap shot by Justin Hodgman.
14:54 of 3rd period - Stopped by FARM GOALIE1 with a rebound.
14:56 of 3rd period - Slapshot by Jerome Samson.
14:56 of 3rd period - Shot Misses the Net.
15:35 of 3rd period - Wrist shot by Nick Cousins.
15:35 of 3rd period - Stopped by FARM GOALIE1 with a rebound.
16:16 of 3rd period - Wrist shot by Austin Watson.
16:16 of 3rd period - Stopped by Jason LaBarbera without a rebound.
16:17 of 3rd period - Nick Drazenovic wins face-off versus Scott Timmins in Americans zone.
16:34 of 3rd period - Snap shot by Nick Drazenovic.
16:34 of 3rd period - Stopped by FARM GOALIE1 with a rebound.
17:22 of 3rd period - Wrist shot by Patrick Bordeleau.
17:22 of 3rd period - Stopped by FARM GOALIE1 with a rebound.
17:24 of 3rd period - Slapshot by Nate Schmidt.
17:24 of 3rd period - Shot Misses the Net.
17:30 of 3rd period - Wrist shot by Patrick Bordeleau.
17:30 of 3rd period - Stopped by FARM GOALIE1 without a rebound.
17:31 of 3rd period - Nick Cousins wins face-off versus Cal O'Reilly in Monsters zone.
17:52 of 3rd period - Wrist shot by Steven Pinizzotto.
17:52 of 3rd period - Shot Blocked by Nate Schmidt.
17:58 of 3rd period - Kris Fredheim is hit by Nick Cousins and loses puck.
18:59 of 3rd period - Mitch Callahan beats up Garrett Noonan.
18:59 of 3rd period - Penalty to Mitch Callahan for Fighting.
18:59 of 3rd period - Penalty to Garrett Noonan for Fighting.
18:59 of 3rd period - Penalty to Garrett Noonan for instigated a fight.
18:59 of 3rd period - Penalty to Garrett Noonan for instigated a fight.
19:00 of 3rd period - Austin Watson wins face-off versus Marc-Andre Cliche in Americans zone.
19:09 of 3rd period - Slapshot by Chase Balisy.
19:09 of 3rd period - Stopped by Jason LaBarbera without a rebound.
19:10 of 3rd period - Marc-Andre Cliche wins face-off versus Austin Watson in Americans zone.
19:18 of 3rd period - Icing by Barclay Goodrow.
19:19 of 3rd period - Marc-Andre Cliche wins face-off versus Austin Watson in Monsters zone.
19:30 of 3rd period - Marc-Andre Cliche is hit by Austin Watson and loses puck.
19:37 of 3rd period - Snap shot by Austin Watson.
19:37 of 3rd period - Stopped by Jason LaBarbera with a rebound.
19:39 of 3rd period - Snap shot by Matt MacKenzie.
19:39 of 3rd period - Deflect By Barclay Goodrow.
19:39 of 3rd period - Monsters goal is going for a video replay.
19:39 of 3rd period - The goal is refused. The net was displaced accidentally..
19:40 of 3rd period - Cal O'Reilly wins face-off versus Marc-Andre Cliche in Americans zone.
19:42 of 3rd period - Penalty to Chris Breen is over, Chris Breen is back on ice.
Goals for this period are 2 for Americans vs 0 for Monsters.
Shots for this period are 10 for Americans vs 12 for Monsters.